[ AOE2 MATCH · #505922085 ]
UnrankedMongols vs Bohemians
Player's team · WIN
Rival team · LOSS
[ REPLAY ANALYSIS · EXTRACTED FROM THE RECORDED GAME ]
Feudal
12:16
Castle
24:41
Imperial
—
| APM avg | 33.7 |
| APM peak | 63 |
| eAPM avg | 17.3 |
| Villagers / military | 85 / 24 |
Focus
⚔️ 24.8% · 🌾 75.2%
Archer ×16 · Mangudai ×4 · Mangonel ×3 · Fire Galley ×1
Feudal
13:30
Castle
18:09
Imperial
—
| APM avg | 44.7 |
| APM peak | 85 |
| eAPM avg | 26.7 |
| Villagers / military | 94 / 12 |
Focus
⚔️ 28.9% · 🌾 71.1%
Hussite Wagon ×9 · Mangonel ×3 · Fishing Ship ×3
Match map
Initial resources + every placement click. Lines = walls · curves = elevation contours. ◆ gold · ⬟ stone · ● berries · ✦ relic · ◌ wall gap
Your base· ✓ Closed at 24:41 · 12t walls · no gate
korn's base· ✓ Closed at 18:09 · 22t walls · 2 gate(s)
Smoothed initial terrain · ◌ = detected wall gap · hover for details
Inputs per minute
— Maverick_Taha - - korn
Build order — Maverick_Taha
First 150 of 206 actions detected
| 0:00 | Queue | Villager (Male) |
| 0:02 | Build | House |
| 0:03 | Build | House |
| 0:04 | Queue | Villager (Male) |
| 0:05 | Queue | Villager (Male) |
| 0:05 | Queue | Villager (Male) |
| 0:32 | Research | Loom |
| 0:38 | Queue | Villager (Male) |
| 0:38 | Queue | Villager (Male) |
| 0:38 | Queue | Villager (Male) |
| 1:12 | Build | House |
| 2:08 | Queue | Villager (Male) |
| 2:09 | Queue | Villager (Male) |
| 2:58 | Queue | Villager (Male) |
| 2:58 | Queue | Villager (Male) |
| 3:44 | Queue | Villager (Male) |
| 3:44 | Queue | Villager (Male) |
| 3:55 | Build | Mill |
| 4:18 | Queue | Villager (Male) |
| 4:19 | Queue | Villager (Male) |
| 4:19 | Queue | Villager (Male) |
| 4:45 | Queue | Villager (Male) |
| 4:54 | Queue | Villager (Male) |
| 5:20 | Queue | Villager (Male) |
| 5:21 | Queue | Villager (Male) |
| 5:56 | Queue | Villager (Male) |
| 5:57 | Queue | Villager (Male) |
| 5:57 | Queue | Villager (Male) |
| 6:10 | Queue | Villager (Male) |
| 6:23 | Queue | Villager (Male) |
| 6:44 | Build | House |
| 7:00 | Build | House |
| 7:04 | Queue | Villager (Male) |
| 7:23 | Queue | Villager (Male) |
| 7:23 | Queue | Villager (Male) |
| 7:43 | Build | Lumber Camp |
| 8:28 | Queue | Villager (Male) |
| 8:28 | Queue | Villager (Male) |
| 8:33 | Build | House |
| 9:19 | Build | House |
| 9:42 | Build | Palisade Wall |
| 9:43 | Build | Palisade Wall |
| 9:54 | Build | Barracks |
| 10:06 | Research | Feudal Age |
| 10:15 | Build | Mining Camp |
| 11:20 | Build | House |
| 11:22 | Build | House |
| 11:25 | Build | House |
| 12:16 | Age | Feudal Age |
| 12:18 | Build | Watch Tower |
| 12:19 | Queue | Villager (Male) |
| 12:20 | Queue | Villager (Male) |
| 12:21 | Research | Double-Bit Axe |
| 12:22 | Research | Double-Bit Axe |
| 12:22 | Queue | Villager (Male) |
| 12:28 | Build | Archery Range |
| 12:53 | Build | Outpost |
| 13:11 | Queue | Villager (Male) |
| 13:25 | Build | Outpost |
| 13:28 | Queue | Archer |
| 13:28 | Queue | Archer |
| 13:28 | Queue | Archer |
| 13:55 | Build | Outpost |
| 13:57 | Queue | Villager (Male) |
| 13:57 | Queue | Villager (Male) |
| 14:01 | Build | Archery Range |
| 14:20 | Queue | Villager (Male) |
| 14:35 | Queue | Villager (Male) |
| 14:35 | Queue | Villager (Male) |
| 14:39 | Build | Mill |
| 14:48 | Build | Farm |
| 14:55 | Queue | Villager (Male) |
| 15:13 | Queue | Archer |
| 15:19 | Queue | Archer |
| 15:19 | Queue | Archer |
| 15:19 | Queue | Archer |
| 15:19 | Queue | Archer |
| 15:22 | Build | House |
| 15:37 | Build | Blacksmith |
| 15:45 | Build | House |
| 15:48 | Queue | Villager (Male) |
| 15:48 | Queue | Villager (Male) |
| 15:54 | Queue | Archer |
| 15:55 | Queue | Archer |
| 16:04 | Queue | Archer |
| 16:05 | Queue | Archer |
| 16:17 | Queue | Villager (Male) |
| 16:17 | Queue | Villager (Male) |
| 16:17 | Queue | Villager (Male) |
| 16:18 | Queue | Villager (Male) |
| 16:21 | Research | Fletching |
| 16:21 | Research | Fletching |
| 16:48 | Queue | Villager (Male) |
| 16:59 | Build | Dock |
| 17:02 | Queue | Villager (Male) |
| 17:14 | Build | Mining Camp |
| 17:26 | Queue | Archer |
| 17:26 | Queue | Archer |
| 17:27 | Queue | Archer |
| 17:27 | Queue | Archer |
| 17:38 | Build | Farm |
| 17:40 | Queue | Villager (Male) |
| 18:02 | Queue | Villager (Male) |
| 18:09 | Build | Farm |
| 18:10 | Build | Farm |
| 18:24 | Queue | Villager (Male) |
| 18:30 | Build | Farm |
| 18:48 | Queue | Villager (Male) |
| 18:58 | Build | Farm |
| 19:05 | Build | House |
| 19:06 | Build | House |
| 19:48 | Queue | Villager (Male) |
| 19:50 | Build | Farm |
| 19:55 | Build | Market |
| 19:56 | Queue | Villager (Male) |
| 20:00 | Queue | Fire Galley |
| 20:12 | Build | Farm |
| 20:17 | Queue | Villager (Male) |
| 20:20 | Build | Farm |
| 20:42 | Build | House |
| 21:06 | Build | House |
| 21:16 | Queue | Villager (Male) |
| 21:20 | Build | Lumber Camp |
| 21:34 | Build | House |
| 21:52 | Build | House |
| 22:01 | Research | Castle Age |
| 22:13 | Build | House |
| 22:13 | Build | House |
| 22:20 | Build | House |
| 22:33 | Research | Gold Mining |
| 24:37 | Build | Stone Wall |
| 24:39 | Build | Stone Wall |
| 24:41 | Age | Castle Age |
| 24:45 | Build | Castle |
| 24:48 | Research | Bodkin Arrow |
| 24:48 | Research | Bodkin Arrow |
| 24:53 | Queue | Villager (Male) |
| 24:53 | Queue | Villager (Male) |
| 25:03 | Build | Siege Workshop |
| 25:07 | Queue | Villager (Male) |
| 25:21 | Queue | Villager (Male) |
| 25:23 | Queue | Mangudai |
| 25:23 | Queue | Mangudai |
| 25:23 | Queue | Mangudai |
| 25:23 | Queue | Mangudai |
| 25:24 | Queue | Villager (Male) |
| 25:24 | Queue | Villager (Male) |
| 25:32 | Build | Farm |
| 25:32 | Build | Farm |
| 25:33 | Build | Farm |
Build order — korn
First 150 of 192 actions detected
| 0:00 | Queue | Villager (Male) |
| 0:01 | Queue | Villager (Male) |
| 0:01 | Queue | Villager (Male) |
| 0:02 | Build | House |
| 0:02 | Build | House |
| 0:09 | Research | Loom |
| 0:10 | Queue | Villager (Male) |
| 0:26 | Queue | Villager (Male) |
| 0:45 | Queue | Villager (Male) |
| 1:01 | Build | Palisade Wall |
| 2:14 | Queue | Villager (Male) |
| 3:08 | Queue | Villager (Male) |
| 3:08 | Queue | Villager (Male) |
| 3:19 | Build | Palisade Wall |
| 3:37 | Queue | Villager (Male) |
| 4:12 | Queue | Villager (Male) |
| 4:31 | Queue | Villager (Male) |
| 4:46 | Queue | Villager (Male) |
| 4:46 | Queue | Villager (Male) |
| 4:49 | Build | House |
| 5:07 | Queue | Villager (Male) |
| 5:15 | Queue | Villager (Male) |
| 5:19 | Build | Palisade Wall |
| 5:19 | Build | Palisade Wall |
| 5:20 | Build | Palisade Wall |
| 5:20 | Build | Palisade Wall |
| 5:28 | Build | House |
| 5:39 | Queue | Villager (Male) |
| 5:39 | Queue | Villager (Male) |
| 5:46 | Build | House |
| 5:52 | Build | House |
| 6:00 | Build | Palisade Wall |
| 6:23 | Queue | Villager (Male) |
| 6:29 | Build | House |
| 6:40 | Build | House |
| 6:43 | Build | Palisade Wall |
| 7:04 | Build | House |
| 7:06 | Build | House |
| 7:20 | Build | House |
| 7:28 | Queue | Villager (Male) |
| 7:29 | Queue | Villager (Male) |
| 7:31 | Queue | Villager (Male) |
| 7:33 | Queue | Villager (Male) |
| 7:34 | Build | House |
| 7:35 | Queue | Villager (Male) |
| 7:49 | Queue | Villager (Male) |
| 7:52 | Queue | Villager (Male) |
| 8:20 | Build | Palisade Wall |
| 8:30 | Build | Lumber Camp |
| 8:45 | Build | Palisade Wall |
| 8:49 | Build | Palisade Wall |
| 8:50 | Queue | Villager (Male) |
| 9:15 | Build | House |
| 9:20 | Queue | Villager (Male) |
| 9:24 | Build | Palisade Wall |
| 9:25 | Build | Palisade Wall |
| 9:31 | Build | Palisade Wall |
| 9:33 | Build | Palisade Wall |
| 9:42 | Queue | Villager (Male) |
| 10:02 | Queue | Villager (Male) |
| 10:04 | Build | Mill |
| 10:30 | Queue | Villager (Male) |
| 10:54 | Queue | Villager (Male) |
| 11:18 | Research | Feudal Age |
| 11:58 | Build | Dock |
| 12:13 | Queue | Villager (Male) |
| 12:47 | Queue | Fishing Ship |
| 12:59 | Queue | Fishing Ship |
| 13:30 | Age | Feudal Age |
| 13:38 | Queue | Villager (Male) |
| 13:49 | Build | Market |
| 13:53 | Build | Blacksmith |
| 14:08 | Build | Mining Camp |
| 14:12 | Queue | Villager (Male) |
| 14:41 | Queue | Fishing Ship |
| 14:55 | Queue | Villager (Male) |
| 15:21 | Queue | Villager (Male) |
| 15:22 | Queue | Villager (Male) |
| 15:29 | Research | Castle Age |
| 15:31 | Build | Mining Camp |
| 16:30 | Build | Palisade Gate |
| 16:32 | Build | House |
| 16:32 | Queue | Villager (Male) |
| 16:34 | Build | Palisade Wall |
| 16:44 | Queue | Villager (Male) |
| 16:50 | Queue | Villager (Male) |
| 17:09 | Build | House |
| 17:10 | Build | Palisade Wall |
| 17:19 | Build | Palisade Gate |
| 17:31 | Build | House |
| 17:31 | Queue | Villager (Male) |
| 17:32 | Queue | Villager (Male) |
| 18:09 | Age | Castle Age |
| 18:13 | Build | Town Center |
| 18:22 | Queue | Villager (Male) |
| 18:35 | Queue | Villager (Male) |
| 18:45 | Queue | Villager (Male) |
| 19:26 | Queue | Villager (Male) |
| 19:55 | Queue | Villager (Male) |
| 20:00 | Queue | Villager (Male) |
| 20:03 | Build | Farm |
| 20:04 | Build | Farm |
| 20:06 | Build | Farm |
| 20:16 | Build | Farm |
| 20:22 | Build | Farm |
| 20:23 | Queue | Villager (Male) |
| 20:37 | Build | Palisade Gate |
| 20:38 | Build | House |
| 20:43 | Build | Palisade Wall |
| 20:45 | Build | Palisade Wall |
| 20:59 | Queue | Villager (Male) |
| 21:06 | Build | Farm |
| 21:23 | Queue | Villager (Male) |
| 21:39 | Queue | Villager (Male) |
| 21:39 | Queue | Villager (Male) |
| 21:51 | Build | Palisade Gate |
| 21:53 | Build | Palisade Gate |
| 22:04 | Queue | Villager (Male) |
| 22:04 | Queue | Villager (Male) |
| 22:17 | Build | Castle |
| 22:32 | Queue | Villager (Male) |
| 22:49 | Queue | Villager (Male) |
| 23:02 | Build | Farm |
| 23:11 | Queue | Villager (Male) |
| 23:11 | Queue | Villager (Male) |
| 23:20 | Queue | Villager (Male) |
| 23:31 | Build | Siege Workshop |
| 23:44 | Queue | Hussite Wagon |
| 23:46 | Queue | Villager (Male) |
| 23:56 | Build | Farm |
| 24:04 | Queue | Villager (Male) |
| 24:04 | Queue | Villager (Male) |
| 24:10 | Build | House |
| 24:16 | Queue | Villager (Male) |
| 24:22 | Queue | Hussite Wagon |
| 24:22 | Queue | Hussite Wagon |
| 24:36 | Build | Farm |
| 24:37 | Build | Farm |
| 24:49 | Queue | Villager (Male) |
| 24:49 | Queue | Villager (Male) |
| 24:53 | Queue | Villager (Male) |
| 25:05 | Queue | Mangonel |
| 25:05 | Queue | Mangonel |
| 25:22 | Queue | Villager (Male) |
| 25:28 | Queue | Villager (Male) |
| 25:31 | Queue | Hussite Wagon |
| 25:31 | Queue | Hussite Wagon |
| 25:56 | Queue | Villager (Male) |
| 26:08 | Queue | Hussite Wagon |
| 26:09 | Queue | Hussite Wagon |
Match timeline
| 1:01 | korn · wall_segment Palisade Wall x9 |
| 3:19 | korn · wall_segment Palisade Wall x1 |
| 5:19 | korn · wall_segment Palisade Wall x1 |
| 5:19 | korn · wall_segment Palisade Wall x1 |
| 5:20 | korn · wall_segment Palisade Wall x1 |
| 5:20 | korn · wall_segment Palisade Wall x1 |
| 6:00 | korn · wall_segment Palisade Wall x1 |
| 6:43 | korn · wall_segment Palisade Wall x1 |
| 8:20 | korn · wall_segment Palisade Wall x1 |
| 8:45 | korn · wall_segment Palisade Wall x1 |
| 8:49 | korn · wall_segment Palisade Wall x1 |
| 9:24 | korn · wall_segment Palisade Wall x1 |
| 9:25 | korn · wall_segment Palisade Wall x1 |
| 9:31 | korn · wall_segment Palisade Wall x1 |
| 9:33 | korn · wall_segment Palisade Wall x1 |
| 9:42 | Maverick_Taha · wall_segment Palisade Wall x5 |
| 9:43 | Maverick_Taha · wall_segment Palisade Wall x1 |
| 9:54 | Maverick_Taha · first_building Barracks |
| 11:58 | korn · first_building Dock |
| 12:16 | Maverick_Taha · age_up feudal |
| 12:28 | Maverick_Taha · first_building Archery Range |
| 13:30 | korn · age_up feudal |
| 14:43 | korn · first_market_sell 100 stone |
| 16:34 | korn · wall_segment Palisade Wall x1 |
| 16:59 | Maverick_Taha · first_building Dock |
| 17:10 | korn · wall_segment Palisade Wall x1 |
| 18:09 | korn · age_up castle |
| 20:43 | korn · wall_segment Palisade Wall x1 |
| 20:45 | korn · wall_segment Palisade Wall x1 |
| 21:10 | Maverick_Taha · first_market_buy 100 food |
| 21:31 | korn · first_market_buy 100 stone |
| 22:17 | korn · first_building Castle |
| 23:31 | korn · first_building Siege Workshop |
| 24:37 | Maverick_Taha · wall_segment Stone Wall x5 |
| 24:39 | Maverick_Taha · wall_segment Stone Wall x1 |
| 24:41 | Maverick_Taha · age_up castle |
| 24:45 | Maverick_Taha · first_building Castle |
| 25:03 | Maverick_Taha · first_building Siege Workshop |
| 31:05 | korn · resign |
[ AI ANALYSIS · 1 CREDIT ]
What really happened in this match?
Wolo.gg analyzes every decision: build order, eco, micro, common mistakes by bracket. Personalized analysis on WhatsApp or Discord in 30 seconds.
Civ guide
Mongols
Perfil
Maverick_Taha